 Dungeon Crawl Stone Soup version 0.29-a0-297-g7659ce593d (webtiles) character file.

Game seed: 15100465561182153820

32 Dabor the Insei (level 3, -2/18 HPs)
             Began as a Vine Stalker Transmuter on Mar 22, 2022.
             Slain by a gnoll
             ... wielding a +0 spear
              (5 damage)
             ... on level 2 of the Dungeon.
             The game lasted 00:01:31 (1430 turns).

Dabor the Insei (Vine Stalker Transmuter)           Turns: 1430, Time: 00:01:32

Health: -2/18      AC:  4    Str: 16    XL:     3   Next: 25%
Magic:  0/7        EV: 12    Int: 13    God:
Gold:   53         SH:  0    Dex: 18    Spells: 6/7 levels left

rFire   . . .      SeeInvis .   p - +6 quarterstaff of Jabipuv {distort, Will+ Str+2 Dex+4}
rCold   . . .      Faith    .   (shield currently unavailable)
rNeg    . . .      Spirit   +   a - +0 robe
rPois   .          Reflect  .   m - +0 helmet
rElec   .          Harm     .   (no cloak)
rCorr   .          Rampage  .   g - +0 pair of gloves
Will    +....                   (no boots)
Stlth   ++........              (no amulet)
HPRegen 0.06/turn               (no ring)
MPRegen 0.10/turn               (no ring)

@: no status effects
A: fangs 2, magic shield, antimagic bite, no potion heal 2
a: no special abilities


You were on level 2 of the Dungeon.
You visited 1 branch of the dungeon, and saw 2 of its levels.

You collected 89 gold pieces.
You spent 36 gold pieces at shops.

Inventory:

Hand Weapons
 p - the +6 quarterstaff of Jabipuv (weapon) {distort, Will+ Str+2 Dex+4}
   (You found it on level 2 of the Dungeon)

   It warps and distorts space around it, and may blink, banish, or inflict
   extra damage upon those it strikes.
   Unwielding it can cause banishment or high damage.
   Str:       It affects your strength (+2).
   Dex:       It affects your dexterity (+4).
   Will:      It increases your willpower.
Armour
 a - a +0 robe (worn)
 g - a +0 pair of gloves (worn)
 m - a +0 helmet (worn)
Jewellery
 f - a ring of poison resistance
Scrolls
 d - a scroll of teleportation {unknown}
 i - a scroll of enchant armour {unknown}
 j - a scroll of immolation {unknown}
 k - a scroll of identify {unknown}
Potions
 b - a potion of lignification
 c - a potion of might {unknown}
 e - a potion of heal wounds {unknown}
 h - a potion of brilliance {unknown}
 l - a potion of magic {unknown}
 n - a potion of curing
 o - a potion of invisibility {unknown}
 q - a potion of haste {unknown}


   Skills:
 + Level 1.3 Fighting
 + Level 1.9 Dodging
 + Level 3.2 Unarmed Combat
 + Level 2.5 Spellcasting
 + Level 2.3 Transmutations


You had 6 spell levels left.
You knew the following spells:

 Your Spells              Type           Power      Damage    Failure   Level
a - Beastly Appendage     Tmut           14%        N/A       9%          1

Your spell library contained the following spells:

 Spells                   Type           Power      Damage    Failure   Level
 Wereblood                Tmut           7%         N/A       14%         2
 Spider Form              Tmut/Pois      4%         N/A       41%         3
 Ice Form                 Ice/Tmut       4%         N/A       83%         4
 Animate Armour           Summ/Erth      2%         N/A       94%         4
 Blade Hands              Tmut           3%         N/A       94%         5
 Iron Shot                Conj/Erth      0%         9d1       100%        6


Dungeon Overview and Level Annotations

Branches:
Dungeon (2/15)

Altars:

Shops:
D:2 !


Innate Abilities, Weirdness & Mutations

You have extremely sharp teeth.
When hurt, damage is shared between your health and your magic reserves.
Your bite disrupts and absorbs the magic of your enemies.
Potions cannot restore your health.


Message History

The gnoll shouts!
The gnoll moves out of view.
You grow a pair of large bovine horns.
Your feet morph into talons.
Your +0 helmet melds into your body.
A gnoll comes into view. It is wielding a +0 spear.
The gnoll barely misses you. The gnoll hits you with a +0 halberd!
Ouch! That really hurt!
A gnoll comes into view. It is wielding a +0 flail.
The gnoll shouts! x2
You sock the gnoll!
The gnoll is devoured by a tear in reality.
The gnoll completely misses you.
You thump the gnoll!
Space warps around the gnoll!
You kill the gnoll!
The gnoll hits you from afar with a +0 spear.
You have reached level 3!
Your experience leads to an increase in your attributes!
Your base attributes are Str 12, Int 13, Dex 14.
Increase (S)trength, (I)ntelligence, or (D)exterity?
You feel stronger. x2
Your transformation is almost over.
Okay, then.
Okay, then.
The gnoll closely misses you.
You hit the gnoll.
The gnoll is lightly wounded.
The gnoll blinks!
You barely miss the gnoll. You headbutt the gnoll. You bite the gnoll.
You drain its power.
You feel invigorated.
The gnoll is severely wounded.
The gnoll barely misses you. x2
You hit the gnoll. You claw the gnoll.
You kill the gnoll!
Your horns disappear.
Your talons disappear.
Your +0 helmet unmelds from your body.
The gnoll hits you from afar with a +0 spear!
* * * LOW HITPOINT WARNING * * *
The gnoll hits you from afar with a +0 spear!
You die...

#..###..#####.#####.#
#...................#
#.####..#####.#######
#.......# #.#
#.####.## #.#
#......######.#
######......#.#
#.####.#.# ## #@#
#.#.. #...###)##
#.#.#
#......g.###.#.##
#...###....§g.$.# ##
#.####§....... ....
.....##.# ##.##
####.## #. .# #. ..


You could see a gnoll.

Vanquished Creatures
  2 gnolls (D:2)
  A bat (D:1)
  An endoplasm (D:2)
  2 giant cockroaches (D:1)
  2 ball pythons
  A frilled lizard (D:1)
  2 kobolds
  3 rats (D:2)
14 creatures vanquished.

Vanquished Creatures (others)
  A plant (D:1)
1 creature vanquished.

Grand Total: 15 creatures vanquished

Notes
Turn   | Place    | Note
-------+----------+-------------------------------------------
     0 | D:1      | Dabor the Vine Stalker Transmuter began the quest for the
                  | Orb.
     0 | D:1      | Reached XP level 1. HP: 9/9 MP: 4/4
   337 | D:1      | Reached skill level 1 in Fighting
  1012 | D:2      | Found Fioplir's Distillery.
  1016 | D:2      | Reached XP level 2. HP: 14/14 MP: 6/6
  1021 | D:2      | Bought a potion of curing for 36 gold pieces
  1275 | D:2      | Identified the +6 quarterstaff of Jabipuv {distort, Will+
                  | Str+2 Dex+4}
  1422 | D:2      | Reached XP level 3. HP: 8/18 MP: 1/7
  1430 | D:2      | Slain by a gnoll

Illustrated notes

Levels and vault maps discovered:
D:1:      dpeg_arrival_arbitrary_a, layout_basic, serial_forest,
          infiniplex_forest_clump_curved, infiniplex_forest_diagonal,
          infiniplex_forest_lined_1, infiniplex_forest_fountain,
          infiniplex_forest_straight_3, infiniplex_forest_end_2
D:2:      layout_loops_corners, serial_shops, nicolae_square_shop, uniq_robin

Skill      XL: |  1 |
---------------+----+-----
Fighting       | 1 |  1.3
Dodging        | |  1.9
Unarmed Combat | |  3.2
Spellcasting   | |  2.5
Transmutations | |  2.3

Action                   || total
-------------------------++-------
Melee: Unarmed           ||    40
       Bite              ||    11
       Punch             ||     3
       Headbutt          ||     2
       Quarterstaff      ||     5
       Kick              ||     1
 Cast: Beastly Appendage ||     2
Armor: Robe              ||     9
Dodge: Dodged            ||    26

Table legend: (Time is in decaauts)
 A = Elapsed time spent in this place.
 B = Non-inter-level travel time spent in this place.
 C = Inter-level travel time spent in this place.
 D = Time resting spent in this place.
 E = Time spent auto-exploring this place.
 F = Levels seen in this place.
 G = Mean time per level.
                   A        B        C        D        E       F      G
               +--------+--------+--------+--------+--------+-----+--------+
         Total |   1427 |   1352 |     75 |      0 |   1203 |   2 |  713.5 |
       Dungeon |   1427 |   1352 |     75 |      0 |   1203 |   2 |  713.5 |
               +--------+--------+--------+--------+--------+-----+--------+

Top non-repeatable levels by time:
     D:1: 992 daAuts
     D:2: 435 daAuts
